 Seeded DCSS version 0.32-a0-938-g40ac7a0 (webtiles) character file.

Game seed: 1459695861311278033 (custom seed)

281 brinewave the Shooter (level 6, -11/37 HPs)
             Began as a Vampire Hunter on Apr 15, 2024.
             Was an Initiate of Dithmenos.
             Killed from afar by an orc (18 damage)
             ... with a bolt of acid
             ... on level 4 of the Dungeon.
             The game lasted 00:18:20 (3159 turns).

brinewave the Shooter (Vampire Hunter)              Turns: 3159, Time: 00:18:22

Health: -11/37     AC:  0    Str: 10    XL:     6   Next: 6%
Magic:  6/6        EV: 12    Int: 12    God:    Dithmenos [......]
Gold:   47         SH:  0    Dex: 19    Spells: 5/5 levels left

rFire   + . .        b - +0 shortbow
rCold   + + .        (shield currently unavailable)
rNeg    + + +        c - +0 leather armour
rPois   ∞            (no helmet)
rElec   .            (no cloak)
rCorr   .            (no gloves)
SInv    +            d - +0 pair of boots
Will    .....        (no amulet)
Stlth   ++++         l - ring of protection from fire
HPRegen 0.00/turn    (no ring)
MPRegen 0.10/turn

%: no passive effects
@: corroded, bloodless, inhibited regen
A: bloodless, fangs 3, see invisible, vampiric 2
a: Bat Form, Revivify, Renounce Religion


You were on level 4 of the Dungeon.
You worshipped Dithmenos.
Dithmenos was noncommittal.
You visited 2 branches of the dungeon, and saw 5 of its levels.

You collected 107 gold pieces.
You spent 60 gold pieces at shops.

Inventory:

Hand Weapons
 a - a +0 dagger of electrocution
 b - a +0 shortbow (weapon)
 r - a +4 short sword
Missiles
 f - 16 poisoned darts
 u - 2 boomerangs
Armour
 c - a +0 leather armour (worn)
 d - a +0 pair of boots (worn)
Jewellery
 l - a ring of protection from fire (left hand)
Talismans
 g - a serpent talisman
Scrolls
 i - a scroll of enchant armour {unknown}
 m - 2 scrolls of immolation {unknown}
 q - a scroll of teleportation {unknown}
 s - 2 scrolls of amnesia {unknown}
 w - a scroll of acquirement {unknown}
Potions
 h - a potion of enlightenment {unknown}
 j - 2 potions of haste
 k - a potion of ambrosia {unknown}
 n - a potion of magic {unknown}
 o - 3 potions of curing
 p - a potion of attraction
 t - a potion of berserk rage
 v - a potion of brilliance {unknown}


   Skills:
 + Level 3.4 Fighting
 + Level 4.2 Ranged Weapons
 + Level 4.2 Dodging
 - Level 3.4 Stealth


You had 5 spell levels left.
You didn't know any spells.
Your spell library contained the following spells:

 Spells                   Type           Power      Damage    Failure   Level
 Blink                    Tloc           0%         N/A       56%         2
 Lesser Beckoning         Tloc           0%         N/A       56%         2
 Momentum Strike          Conj/Tloc      0%         3d8       56%         2


Dungeon Overview and Level Annotations

Branches:
Dungeon (4/15)             Temple (1/1) D:4

Altars:
Ashenzari
Cheibriados
Dithmenos
Gozag
Hepliaklqana
Makhleb
Ru
Sif Muna
Trog
Uskayaw
Vehumet
Wu Jian
Yredelemnul

Shops:
D:1 !


Innate Abilities, Weirdness & Mutations

You do not regenerate when monsters are visible.
You are frail without blood (-20% HP).
You can heal yourself when you bite living creatures.
You are immune to poison.
You have razor-sharp teeth.
You have supernaturally acute eyesight. (SInv)
You are afflicted with vampirism and can become a bat while bloodless.


Message History

Your +0 dagger of electrocution stops crackling.
b - a +0 shortbow (weapon)
You see here a +4 heavy flail.
Fire: b) +0 shortbow
Press: ? - help, Q - select action, (/) - cycle Shift-Dir - straight line, f - orc
Aim: an orc, wielding a +0 hand axe, wearing a +0 chain mail and carrying a wand of acid (71% to hit)
You shoot an arrow.
The arrow hits the orc but does no damage.
Fire: b) +0 shortbow
Press: ? - help, Q - select action, (/) - cycle Shift-Dir - straight line, f/p - orc
Aim: an orc, wielding a +0 hand axe, wearing a +0 chain mail and carrying a wand of acid (71% to hit)
You shoot an arrow. The arrow barely misses the orc.
The orc zaps a wand.
The bolt of acid hits you! The acid corrodes you!
Fire: b) +0 shortbow
Press: ? - help, Q - select action, (/) - cycle Shift-Dir - straight line, f/p - orc
Aim: an orc, wielding a +0 hand axe, wearing a +0 chain mail and carrying a wand of acid (71% to hit)
You shoot an arrow. The arrow barely misses the orc.
Fire: b) +0 shortbow
Press: ? - help, Q - select action, (/) - cycle Shift-Dir - straight line, f/p - orc
Aim: an orc, wielding a +0 hand axe, wearing a +0 chain mail and carrying a wand of acid (71% to hit)
You shoot an arrow.
The arrow hits the orc but does no damage.
The orc zaps a wand.
The bolt of acid hits you!
* * * LOW HITPOINT WARNING * * *
Okay, then.
Okay, then.
As you read the scroll of butterflies, it crumbles to dust.
You hear the flapping of tiny wings.
The orc is knocked back by the sudden gust.
The orc zaps a wand.
The bolt of acid hits your butterfly!!
Your butterfly dies!
Your butterfly disappears in a burst of colours!
The bolt of acid hits your butterfly! The acid corrodes your butterfly!
Your butterfly dies!
Your butterfly disappears in a burst of colours!
The bolt of acid hits your butterfly! The acid corrodes your butterfly!
Your butterfly dies!
Your butterfly disappears in a burst of colours!
The bolt of acid hits you!!
You die...

#####.#######.####.#
###.....# #. #....#.#
#..§~§..# #. #.##.#.#
#.~~§§~.## #' #.##b#.#
##~~§~~~~#. ... #..bbb.#
##.~§~>~§§.. .... ####b###
#..~§§§§~~## ..... ##bb#
#.#.~~§§~.#
......####bbb#####.#..§~§..##
......'o...)@bbb.............
oo....####bbb#########.#...##
..... ##bb# #..#.## .$.. ##b#
##.### ... #.# #.# #+ #.. #.#
##.# #†# .# #.# #.# #.#


You could see an orc (ally target).

Vanquished Creatures
  A phantom (D:4)
  A howler monkey (D:4)
  A bombardier beetle (D:4)
  3 gnolls
  3 adders
  2 dart slugs
  2 ribbon worms (D:2)
  2 orcs
  11 bats
  8 endoplasms
  4 giant cockroaches
  11 goblins
  6 hobgoblins
  2 quokkas
  4 ball pythons
  4 frilled lizards
  3 kobolds
  5 rats
73 creatures vanquished.

Notes
Turn   | Place    | Note
-------+----------+-------------------------------------------
     0 | D:1      | brinewave the Vampire Hunter began the quest for the Orb.
     0 | D:1      | Reached XP level 1. HP: 16/16 MP: 1/1
   104 | D:1      | Reached XP level 2. HP: 19/19 MP: 2/2
   180 | D:1      | Found Zunolube's Distillery.
   436 | D:1      | Gained mutation: You are afflicted with vampirism and can
                  | become a bat while bloodless. [Vampire growth]
   436 | D:1      | Reached XP level 3. HP: 24/24 MP: 3/3
   973 | D:2      | Reached XP level 4. HP: 17/23 MP: 4/4
  1265 | D:2      | Found a faded altar of an unknown god.
  1872 | D:1      | Bought a potion of curing for 30 gold pieces
  1872 | D:1      | Bought a potion of attraction for 30 gold pieces
  2828 | D:4      | Found a staircase to the Ecumenical Temple.
  2832 | D:4      | Noticed a phantom
  2836 | Temple   | Entered the Ecumenical Temple
  2843 | Temple   | Became a worshipper of Dithmenos the Shadowed
  3078 | D:4      | Reached XP level 5. HP: 31/32 MP: 5/5
  3111 | D:4      | Noticed a phantom
  3118 | D:4      | Killed a phantom
  3140 | D:4      | Reached XP level 6. HP: 37/37 MP: 6/6
  3159 | D:4      | Killed from afar by an orc

Illustrated notes

Levels and vault maps discovered:
D:1:      ebering_hopf_link, layout_basic, serial_shops,
          nicolae_shop_behind_doors, serial_bayou_lagoon_a,
          chequers_serial_rivers_micro_b
D:2:      layout_basic, ebering_ecumenical_altar_petrified, nrook_campfire,
          lightli_corner_chamber
D:3:      layout_loops_ring, minivault_25, minmay_misc_feat_tiny, dk_vineyard_2,
          serial_park_tiny_2
D:4:      layout_loops_corners, minmay_temple_entry_mist, roderic_batcave,
          nicolae_nh_ransacked_shop, uniq_eustachio
Temple:   compressed_dpeg_circular_temple

Skill      XL: |  1  2  3  4  5 |
---------------+----------------+-----
Stealth        | 2 3 |  3.4
Fighting       | 2 3 |  3.4
Dodging        | 3 4 |  4.2
Ranged Weapons | 4 |  4.2

Action                     |  1- 3 |  4- 6 || total
---------------------------+-------+-------++-------
  Melee: Dagger            |    35 |    27 ||    62
         Bite              |     2 |     5 ||     7
   Fire: Shortbow          |    94 |   115 ||   209
Ability: Exsanguinate      |     2 |       ||     2
         Revivify          |     1 |       ||     1
    Use: Scroll            |       |     4 ||     4
 Armour: Leather armour    |    26 |    36 ||    62
  Dodge: Dodged            |    35 |    56 ||    91

Table legend: (Time is in decaauts)
 A = Elapsed time spent in this place.
 B = Non-inter-level travel time spent in this place.
 C = Inter-level travel time spent in this place.
 D = Time resting spent in this place.
 E = Time spent auto-exploring this place.
 F = Levels seen in this place.
 G = Mean time per level.
                   A        B        C        D        E       F      G
               +--------+--------+--------+--------+--------+-----+--------+
         Total |   3196 |   3027 |    169 |    108 |   1857 |   5 |  639.2 |
       Dungeon |   3183 |   3017 |    166 |    108 |   1857 |   4 |  795.8 |
        Temple |     13 |     10 |      3 |      0 |      0 |   1 |   13.0 |
               +--------+--------+--------+--------+--------+-----+--------+

Top non-repeatable levels by time:
     D:2: 1082 daAuts
     D:1: 842 daAuts
     D:3: 799 daAuts
     D:4: 459 daAuts
  Temple: 13 daAuts
